 Dungeon Crawl Stone Soup version 0.28-a0-1167-g616b1c6417 (webtiles) character file.

Game seed: 15026800596295005638

222 Ijustatesigmund the Skirmisher (level 5, -1/34 HPs)
             Began as a Gargoyle Fighter on Dec 16, 2021.
             Slain by a goblin (5 damage)
             ... on level 3 of the Dungeon.
             The game lasted 00:03:49 (2650 turns).

Ijustatesigmund the Skirmisher (Gargoyle Fighter)   Turns: 2650, Time: 00:03:49

Health: -1/34      AC: 11    Str: 19    XL:     5   Next: 99%
Magic:  5/5        EV:  9    Int: 11    God:
Gold:   161        SH:  4    Dex:  9    Spells: 4/4 levels left

rFire   . . .      SeeInvis .   a - +1 flail
rCold   + . .      Faith    .   c - +0 buckler
rNeg    + . .      Spirit   .   b - +0 scale mail
rPois   ∞          Reflect  .   (no helmet)
rElec   +          Harm     .   (no cloak)
rCorr   .          Rampage  .   (no gloves)
Will    .....                   (no boots)
Stlth   ..........              (no amulet)
HPRegen 0.11/turn               e - ring of protection from cold
MPRegen 0.09/turn               (no ring)

@: brilliant, weak-willed
A: sickness immunity, AC +4, negative energy resistance 1, electricity
resistance, torment resistance 1, petrification resistance
a: no special abilities


You were on level 3 of the Dungeon.
You visited 1 branch of the dungeon, and saw 4 of its levels.

You collected 161 gold pieces.

Inventory:

Hand Weapons
 a - a +1 flail (weapon)
Armour
 b - a +0 scale mail (worn)
 c - a +0 buckler (worn)
Jewellery
 e - a ring of protection from cold (left hand)
Wands
 f - a wand of iceblast (5)
Scrolls
 l - a scroll of torment {unknown}
Potions
 d - a potion of might
 h - a potion of heal wounds {unknown}
 i - a potion of cancellation {unknown}
 j - a potion of brilliance
 m - a potion of lignification {unknown}


   Skills:
 + Level 4.5 Fighting
 * Level 4.5 Maces & Flails
 + Level 3.8 Armour
 - Level 0.3 Dodging
 + Level 3.8 Shields


You had 4 spell levels left.
You didn't know any spells.
Your spell library was empty.

Dungeon Overview and Level Annotations

Branches:
Dungeon (4/15)
 Temple: D:4-7

Altars:
Qazlal
Wu Jian

Shops:
D:3 [


Innate Abilities, Weirdness & Mutations

You are immune to sickness and miasma.
Your stone body is resilient. (AC +4)
You are immune to poison.
You resist negative energy. (rN+)
You are resistant to electric shocks. (rElec)
You are resistant to unholy torment.
You are immune to petrification.


Message History

The hound skeleton bites you but does no damage.
You barely miss the hound skeleton.
The hound skeleton is moderately damaged.
The goblin barely misses you. The hound skeleton bites you.
The goblin hits you but does no damage.
The hound skeleton bites you but does no damage.
You barely miss the hound skeleton.
The hound skeleton is moderately damaged.
The goblin hits you with a +4 lajatang of speed.
The orc hits you with a +0 war axe. The hound skeleton bites you.
You block the goblin's attack. You block the orc's attack.
You hit the hound skeleton.
The hound skeleton is heavily damaged.
The hound skeleton bites you but does no damage.
You block the goblin's attack.
The goblin hits you with a +4 lajatang of speed!
The orc hits you but does no damage. The hound skeleton barely misses you.
You are too injured to fight recklessly!
You are too injured to fight recklessly!
You are too injured to fight recklessly!
You are too injured to fight recklessly!
You are too injured to fight recklessly!
The orc closely misses you.
Found a stone staircase leading up.
There is a stone staircase leading up here.
The goblin completely misses you.
The goblin hits you with a +4 lajatang of speed!
* * * LOW HITPOINT WARNING * * *
You climb upwards.
There is a stone staircase leading down here.
Okay, then.
It was a potion of brilliance.
You feel clever all of a sudden.
The goblin hits you with a +4 lajatang of speed.
* * * LOW HITPOINT WARNING * * *
As you read the scroll labelled IKHLIP NYBE, it crumbles to dust.
Magic quickly surges around you.
It was a scroll of vulnerability.
You block the goblin's attack.
The goblin hits you with a +4 lajatang of speed.
You die...

#...# #.#.#.##...###..#
#...#
#.#.............#######
##.##
#.###.##...###.........
#.# #.# #.######
########## #.# #.###.##
## #.# #......# #> #.#
####.#.# ###' ######.#
#.#.# #)§) .......#
#.#@# #≈#. ########
#.#g# #§§. #>#.# #§§§
#.#.# #.≈≈ #.#.# #...
#.#.# #.._ #.#.# #...
## #.#.# #... .## #.#.#
###.


You could see a goblin (weak-willed).

Vanquished Creatures
  2 vampire bats (D:3)
  A hound (D:4)
  5 adders
  A dart slug (D:3)
  15 bats
  5 endoplasms
  7 giant cockroaches
  A hobgoblin (D:1)
  3 kobolds
  A quokka (D:3)
  11 ball pythons
  2 frilled lizards (D:1)
  5 goblins
  7 rats
66 creatures vanquished.

Notes
Turn   | Place    | Note
-------+----------+-------------------------------------------
     0 | D:1      | Ijustatesigmund the Gargoyle Fighter began the quest for
                  | the Orb.
     0 | D:1      | Reached XP level 1. HP: 14/14 MP: 1/1
    91 | D:1      | Reached XP level 2. HP: 19/19 MP: 2/2
   219 | D:1      | Found a faded altar of an unknown god.
   612 | D:2      | Reached XP level 3. HP: 15/24 MP: 3/3
  1356 | D:2      | Reached XP level 4. HP: 28/29 MP: 4/4
  1709 | D:3      | Found Tevyehe's Antique Armour Emporium.
  1764 | D:3      | Found an ornate altar of the Wu Jian Council.
  1934 | D:3      | Found a stormy altar of Qazlal.
  2134 | D:3      | Reached XP level 5. HP: 30/33 MP: 5/5
  2650 | D:3      | Slain by a goblin

Illustrated notes

Levels and vault maps discovered:
D:1:      dpeg_arrival_connections, layout_rooms, ebering_ecumenical_altar_rust
D:2:      layout_basic, lightli_corner_chamber
D:3:      layout_loops_ring, mainiacjoe_overflow_alcove_2,
          nicolae_wu_jian_glorious_leap, serial_shops, shop,
          columned_hall_lemuel, st_stairs_11, roderic_batcave
D:4:      layout_basic, nicolae_ru_sacrificial_ziggurat, cheibriados_altar_1,
          general_overflow_altar, mainiacjoe_overflow_tiny_flanked,
          minmay_checkerbox, uniq_duvessa

Skill      XL: |  1  2  3  4 |
---------------+-------------+-----
Maces & Flails | 3 4 |  4.5
Fighting       | 4 |  4.5
Armour         | |  3.8
Dodging        | |  0.3
Shields        | |  3.8

Action                   |  1- 3 |  4- 6 || total
-------------------------+-------+-------++-------
Melee: Flail             |   123 |    89 ||   212
  Use: Scroll            |     2 |     1 ||     3
       Potion            |       |     1 ||     1
Armor: Scale mail        |    80 |    79 ||   159
Dodge: Dodged            |    57 |    73 ||   130
Block: Buckler           |    18 |    29 ||    47

Table legend: (Time is in decaauts)
 A = Elapsed time spent in this place.
 B = Non-inter-level travel time spent in this place.
 C = Inter-level travel time spent in this place.
 D = Time resting spent in this place.
 E = Time spent auto-exploring this place.
 F = Levels seen in this place.
 G = Mean time per level.
                   A        B        C        D        E       F      G
               +--------+--------+--------+--------+--------+-----+--------+
         Total |   2701 |   2644 |     57 |    104 |   2068 |   4 |  675.2 |
       Dungeon |   2701 |   2644 |     57 |    104 |   2068 |   4 |  675.2 |
               +--------+--------+--------+--------+--------+-----+--------+

Top non-repeatable levels by time:
     D:2: 1092 daAuts
     D:3: 842 daAuts
     D:1: 579 daAuts
     D:4: 186 daAuts
